 Dungeon Crawl Stone Soup version 0.31-a0-819-gf6de2f5ab6 (webtiles) character file.

Game seed: 14892388631044580805

82 Kurtz the Shield-Bearer (level 4, -2/31 HPs)
             Began as an Octopode Fighter on Sept 25, 2023.
             Succumbed to a gnoll's poison
             ... on level 3 of the Dungeon.
             The game lasted 00:01:14 (1740 turns).

Kurtz the Shield-Bearer (Octopode Fighter)          Turns: 1740, Time: 00:01:15

Health: -2/31      AC:  1    Str: 15    XL:     4   Next: 43%
Magic:  4/4        EV: 13    Int: 10    God:
Gold:   79         SH:  5    Dex: 13    Spells: 3/3 levels left

rFire   . . .        a - +0 war axe
rCold   . . .        b - +0 buckler
rNeg    . . .        (helmet restricted)
rPois   .            (no amulet)
rElec   .            j - ring of willpower
rCorr   .            (no ring)
SInv    .            (no ring)
Will    +....        (no ring)
Stlth   +++          (no ring)
HPRegen 0.25/turn    (no ring)
MPRegen 0.09/turn    (no ring)
                     (no ring)

%: no passive effects
@: mighty, lethally poisoned (-2 -> -13)
A: almost no armour, amphibious, 8 rings, camouflage 1, gelatinous body 1,
(nimble swimmer 1), tentacles
a: no special abilities


You were on level 3 of the Dungeon.
You visited 1 branch of the dungeon, and saw 3 of its levels.

You collected 79 gold pieces.

Inventory:

Hand Weapons
 a - a +0 war axe (weapon)
Armour
 b - a +0 buckler (worn)
Jewellery
 j - a ring of willpower (left tentacle)
Scrolls
 g - a scroll of enchant weapon {unknown}
 k - a scroll of amnesia {unknown}
 l - a scroll of torment {unknown}
 m - a scroll of identify {unknown}
Potions
 d - 3 potions of cancellation {unknown}
 e - 2 potions of haste {unknown}
 f - a potion of brilliance {unknown}
 h - 2 potions of curing {unknown}
 i - a potion of resistance {unknown}


   Skills:
 * Level 3.4 Fighting
 * Level 3.2 Axes
 * Level 3.4 Dodging
 * Level 1.4 Stealth
 * Level 3.4 Shields


You had 3 spell levels left.
You didn't know any spells.
Your spell library contained the following spells:

 Spells                   Type           Power      Damage    Failure   Level
 Kiss of Death            Conj/Necr      0%         2d5       45%         1
 Confusing Touch          Hex            0%         N/A       83%         3
 Ignite Poison            Fire/Tmut/Pois 0%         N/A       83%         3
 Volatile Blastmotes      Fire/Tloc      0%         2d10      83%         3
 Dispel Undead            Necr           0%         3d6       99%         4
 Fulminant Prism          Conj/Hex       0%         3d5       99%         4
 Iskenderun's Mystic Bla  Conj/Tloc      0%         2d3       99%         4
 Sticky Flame             Conj/Fire      0%         2d3       99%         4
 Ignition                 Fire           0%         3d3       100%        8


Dungeon Overview and Level Annotations

Branches:
Dungeon (3/15)

Altars:
Yredelemnul


Innate Abilities, Weirdness & Mutations

You cannot wear most types of armour.
You are amphibious.
You can wear up to eight rings at the same time.
Your skin changes colour to match your surroundings (Stealth+).
Your rubbery body absorbs attacks. (AC +1, EV +1)
((You are camouflaged when in or above water. (Stealth+)))
You have tentacles for arms and can constrict up to eight enemies at once.


Message History

The gnoll shouts!
A gnoll comes into view. It is wielding a +1 spear of venom.
A worm comes into view.
There are monsters nearby!
Unknown command.
There are monsters nearby!
The gnoll shouts! x2
You hit the gnoll. You grab the gnoll.
The gnoll is moderately wounded.
You constrict the gnoll.
The gnoll struggles to escape constriction.
The worm bites the plant.
The plant begins to die.
Unknown command.
You hit the gnoll.
The gnoll is heavily wounded.
You constrict the gnoll. The gnoll hits you with a +0 club.
The worm bites the plant.
The gnoll hits you with a +0 club.
Unknown command.
You slash the gnoll!
You kill the gnoll!
The worm bites the plant.
You feel very mighty all of a sudden.
A nearby plant withers and dies.
The gnoll closely misses you. The gnoll barely misses you.
You slash the gnoll!
You kill the gnoll!
You slash the gnoll! The gnoll barely misses you.
The gnoll hits you with a +0 whip.
The gnoll hits you from afar with a +1 spear of venom.
* * * LOW HITPOINT WARNING * * *
You are lethally poisoned!
The gnoll hits you with a +0 whip.
* * * LOW HITPOINT WARNING * * *
You are too injured to fight recklessly!
You are too injured to fight recklessly!
Unknown command.
You are too injured to fight recklessly!
You slash the gnoll!
You kill the gnoll!
You die...

.... #..P .#####♣
♣.♣.♣##+#####.#.
........................
......♣.♣.♣.♣...........
...... .................
#.....♣ ♣.♣.♣.[.........
....... #..####.########
...w..)##.........#
..P..g)@..........#
..♣....)..........#
#...###.#..###....+ .
+.. #.♣♣♣♣ #....###### #
.♣. ♣....#..... .. .
♣....#.###. ... P
♣....#.# #.
###..♣♣♣♣♣#....#.###.
................>


You could see a worm and a gnoll.

Vanquished Creatures
  3 gnolls (D:3)
  2 adders
  A worm (D:2)
  4 ball pythons
  5 endoplasms
  4 giant cockroaches
  2 hobgoblins
  6 jackals (D:2)
  4 kobolds
  2 quokkas
  2 bats
  3 goblins
  A rat (D:2)
39 creatures vanquished.

Notes
Turn   | Place    | Note
-------+----------+-------------------------------------------
     0 | D:1      | Kurtz the Octopode Fighter began the quest for the Orb.
     0 | D:1      | Reached XP level 1. HP: 16/16 MP: 1/1
   282 | D:1      | Reached XP level 2. HP: 15/21 MP: 2/2
   721 | D:2      | Found a faded altar of an unknown god.
   912 | D:2      | Reached XP level 3. HP: 26/26 MP: 3/3
  1542 | D:3      | Reached skill level 1 in Stealth
  1542 | D:3      | Reached XP level 4. HP: 31/31 MP: 4/4
  1548 | D:3      | Found a basalt altar of Yredelemnul.
  1740 | D:3      | Succumbed to a gnoll's poison

Illustrated notes

Levels and vault maps discovered:
D:1:      minmay_arrival_open_corners, layout_basic, serial_bayou_lagoon_b
D:2:      layout_loops_cross, chequers_ecumenical_altar_simple
D:3:      layout_basic, mainiacjoe_overflow_small_starburst, serial_forest,
          infiniplex_forest_lined_room_2, infiniplex_forest_straight_2,
          infiniplex_forest_clump_tiny, infiniplex_forest_straight_3,
          infiniplex_forest_lined_room_2, infiniplex_forest_straight_1,
          infiniplex_forest_straight_2, infiniplex_forest_end_1,
          infiniplex_forest_clump_diagonal, serial_park_tiny_2,
          guppyfry_early_orc_mine

Skill      XL: |  1  2  3  4 |
---------------+-------------+-----
Stealth        | 1 |  1.4
Axes           | 3 |  3.2
Fighting       | |  3.4
Dodging        | |  3.4
Shields        | |  3.4

Action                     |  1- 3 |  4- 6 || total
---------------------------+-------+-------++-------
  Melee: War axe           |    62 |    14 ||    76
         Constrict         |    10 |     2 ||    12
         Tentacles         |     7 |     1 ||     8
    Use: Potion            |       |     1 ||     1
   Stab: Sleeping          |     8 |     1 ||     9
 Armour: Skin              |    12 |    10 ||    22
  Dodge: Dodged            |    47 |    10 ||    57
  Block: Buckler           |    15 |       ||    15

Table legend: (Time is in decaauts)
 A = Elapsed time spent in this place.
 B = Non-inter-level travel time spent in this place.
 C = Inter-level travel time spent in this place.
 D = Time resting spent in this place.
 E = Time spent auto-exploring this place.
 F = Levels seen in this place.
 G = Mean time per level.
                   A        B        C        D        E       F      G
               +--------+--------+--------+--------+--------+-----+--------+
         Total |   1769 |   1741 |     28 |      0 |   1447 |   3 |  589.7 |
       Dungeon |   1769 |   1741 |     28 |      0 |   1447 |   3 |  589.7 |
               +--------+--------+--------+--------+--------+-----+--------+

Top non-repeatable levels by time:
     D:2: 825 daAuts
     D:1: 713 daAuts
     D:3: 229 daAuts
